 Dungeon Crawl Stone Soup version 0.24.0-13-gcf9b319 (webtiles) character file.

Game seed: 4802591289533495255, levelgen mode: deterministic

105 Fang the Skirmisher (level 4, -3/29 HPs)
             Began as a Gargoyle Berserker on Dec 4, 2019.
             Was a Believer of Trog.
             Slain by Robin
             ... wielding a +0 falchion
              (7 damage)
             ... on level 2 of the Dungeon.
             The game lasted 00:01:11 (1384 turns).

Fang the Skirmisher (Gargoyle Berserker)            Turns: 1384, Time: 00:01:12

Health: -3/29      AC:  5    Str: 21    XL:     4   Next: 83%
Magic:  4/4        EV: 12    Int:  8    God:    Trog [**....]
Gold:   69         SH:  0    Dex:  9    Spells: 3/3 levels left

rFire    . . .     SeeInvis .   a - +0 hand axe
rCold    . . .     Gourm    .   (no shield)
rNeg     + . .     Faith    .   b - +0 animal skin
rPois    ∞         Spirit   .   (no helmet)
rElec    +         Reflect  .   (no cloak)
rCorr    .         Harm     .   (no gloves)
MR       .....                  (no boots)
Stlth    +.........             (no amulet)
HPRegen  0.09/turn              (no ring)
MPRegen  0.09/turn              (no ring)

@: berserk cooldown, slowed, very slow
A: negative energy resistance 1, electricity resistance, unbreathing,
petrification resistance, rot immunity, AC +3
a: Berserk, Trog's Hand, Renounce Religion


You were on level 2 of the Dungeon.
You worshipped Trog.
Trog was pleased with you.
You were hungry.

You visited 1 branch of the dungeon, and saw 2 of its levels.

You collected 69 gold pieces.

Inventory:

Hand Weapons
 a - a +0 hand axe (weapon)
Armour
 b - a +0 animal skin (worn)
Scrolls
 e - a scroll of remove curse {unknown}
 g - a scroll of amnesia {unknown}
Potions
 f - a potion of heal wounds {unknown}
 h - a potion of haste {unknown}
 i - a potion of lignification {unknown}
Comestibles
 c - 2 rations
 d - 4 chunks of flesh


   Skills:
 + Level 4.0 Fighting
 + Level 3.3 Axes
 + Level 3.2 Armour
 + Level 2.4 Dodging


You had 3 spell levels left.
You didn't know any spells.
Your spell library was empty.

Dungeon Overview and Level Annotations

Branches:
Dungeon (2/15)

Altars:

Annotations:
D:2 Robin


Innate Abilities, Weirdness & Mutations

You are resistant to torment.
Your stone body is resilient. (AC +3)
You are immune to poison.
You resist negative energy. (rN+)
You are resistant to electric shocks. (rElec)
You can survive without breathing.
You are immune to petrification.
You are immune to rotting.


Message History

You miss the adder. The adder barely misses you.
You are too injured to fight recklessly!
You hit the adder.
The adder is moderately wounded.
The adder barely misses you.
You are too injured to fight recklessly!
You slash the adder!
You kill the adder!
Trog accepts your kill.
You are no longer berserk.
You are exhausted.
You feel yourself slow down. Robin hits you but does no damage.
Items here: )))) ††† You hit Robin.
Robin is lightly wounded.
Robin misses you. Robin closely misses you.
You hit Robin but do no damage.
Robin is lightly wounded.
Robin hits you with a +0 falchion!
You die...

#÷##........###
##÷###....#..# ######
.............#####....(.
.......##.#.........$..
.......##..#..........
.......###.#.....(######
.......###.#.(.†)†......
......^##.>..#().)......
##.######.#.####@##.....
##.# #..#.# #.g# ..#. #
.. #..##.# #..# .# . #.#
#.# #.# #... # . .. ..
#.# #... .. ...# #!#
..... ... ..... .......


You could see Robin.

Vanquished Creatures
  Jessica (D:2)
  2 adders (D:2)
  A dart slug (D:1)
  A ball python (D:2)
  4 giant cockroaches
  12 goblins
  10 hobgoblins
  4 jackals (D:1)
  3 bats
  3 frilled lizards
  5 kobolds
  7 rats
53 creatures vanquished.

Notes
Turn   | Place    | Note
-------+----------+-------------------------------------------
     0 | D:1      | Fang the Gargoyle Berserker began the quest for the Orb.
     0 | D:1      | Reached XP level 1. HP: 14/14 MP: 1/1
   226 | D:1      | Reached XP level 2. HP: 13/19 MP: 2/2
   603 | D:1      | Reached XP level 3. HP: 23/23 MP: 3/3
  1183 | D:2      | Noticed Jessica
  1207 | D:2      | Killed Jessica
  1207 | D:2      | Reached ** piety under Trog
  1207 | D:2      | Reached XP level 4. HP: 17/29 MP: 4/4
  1354 | D:2      | Noticed Robin
  1365 | D:2      | Reached skill level 4 in Fighting
  1384 | D:2      | Slain by Robin

Levels and vault maps discovered:
D:1:      dpeg_arrival_morbid_curiosity, layout_loops_corners
D:2:      layout_rooms, lemuel_blue_sif_altar, uniq_robin, uniq_jessica

Skill      XL: |  1  2  3  4 |
---------------+-------------+-----
Axes           | 3 |  3.3
Dodging        | 2 |  2.4
Armour         | 3 |  3.2
Fighting       | 4 |  4.0

Action                   |  1- 3 |  4- 6 || total
-------------------------+-------+-------++-------
Melee: Hand axe          |   108 |    41 ||   149
Invok: Berserk           |     1 |     1 ||     2
 Stab: Sleeping          |     1 |       ||     1
  Eat: Chunk             |     1 |     2 ||     3
Armor: Animal skin       |    33 |    32 ||    65
Dodge: Dodged            |    88 |    37 ||   125
